Map: Jagannatha LE

Players

DisK

  • Race: Protoss Protoss

Nina - Winner!

  • Race: Protoss Protoss
  • League: Grandmaster

Event: DreamHack SC2 Masters 2021 Summer

VOD

Have the link to the VOD?

Description

Time

  • Played on: June 4, 2021, 4:06 p.m.
  • Length: 22:10

All games in this series

Show
View Real Time Build Order
Export as new Build Order

DisK Protoss 

Build Orders:  

Get SALT Encoding   

  12  0:00  Probe  
  13  0:12  Probe  
  14  0:17  Pylon  
  14  0:24  Probe  
  15  0:35  Gateway  
  15  0:36  Probe (Chrono Boost)  
  16  0:46  Probe (Chrono Boost), Assimilator  
  17  0:51  Probe (Chrono Boost)  
  17  0:55  Assimilator  
  18  1:03  Probe (Chrono Boost)  
  19  1:09  Gateway  
  19  1:13  Probe (Chrono Boost)  
  19  1:18  Probe (Chrono Boost)  
  20  1:25  Cybernetics Core  
  21  1:30  Probe  
  22  1:35  Pylon  
  22  1:42  Probe  
  24  1:54  Probe  
  24  2:01  Warp Gate (Chrono Boost)  
  24  2:02  Stalker  
  24  2:03  Stalker  
  24  2:06  Probe  
  29  2:13  Pylon  
  29  2:21  Probe  
  30  2:25  Pylon  
  30  2:36  Stalker  
  32  2:39  Stalker  
  34  3:06  Stalker  
  34  3:08  Pylon  
  34  3:09  Stalker  
  38  3:30  Nexus  
  38  3:43  Probe  
  38  3:45  Stalker  
  38  3:46  Stalker  
  43  3:51  Pylon  
  43  3:57  Probe  
  43  4:00  Twilight Council  
  42  4:21  Adept x2  
  42  4:22  Probe (Chrono Boost)  
  43  4:27  Forge  
  44  4:32  Probe (Chrono Boost)  
  44  4:37  Probe (Chrono Boost)  
  45  4:46  Dark Shrine  
  45  4:47  Probe (Chrono Boost)  
  45  4:49  Probe (Chrono Boost)  
  47  4:58  Probe (Chrono Boost)  
  48  5:01  Probe (Chrono Boost)  
  48  5:04  Probe (Chrono Boost)  
  50  5:08  Probe, Pylon  
  50  5:11  Blink (Chrono Boost)  
  51  5:14  Probe  
  51  5:19  Protoss Ground Weapons Level 1 (Chrono Boost)  
  51  5:20  Probe  
  53  5:23  Assimilator  
  53  5:26  Probe  
  54  5:32  Probe, Gateway  
  54  5:33  Gateway  
  55  5:39  Probe  
  56  5:44  Probe  
  57  5:51  Probe  
  57  5:56  Probe  
  55  5:58  Dark Templar x2  
  59  6:05  Probe  
  59  6:08  Probe  
  59  6:09  Nexus  
  61  6:26  Probe  
  61  6:27  Pylon  
  61  6:28  Stalker x2  
  61  6:31  Shield Battery  
  64  6:36  Stalker x2  
  66  6:41  Probe x2  
  66  6:42  Gateway  
  66  6:44  Gateway  
  68  6:50  Robotics Facility  
  68  6:53  Shield Battery  
  68  6:54  Dark Templar  
  68  6:56  Stalker  
  68  7:01  Stalker  
  74  7:06  Stalker  
  74  7:08  Probe x2  
  78  7:09  Charge  
  78  7:12  Protoss Ground Weapons Level 2 (Chrono Boost), Assimilator  
  78  7:21  Probe x2  
  78  7:22  Probe  
  81  7:26  Stalker  
  81  7:29  Stalker  
  85  7:33  Probe  
  85  7:36  Pylon  
  86  7:39  Observer  
  86  7:43  Probe x2  
  89  7:45  Probe  
  89  7:48  Stalker  
  92  7:52  Pylon  
  92  7:53  Pylon  
  92  7:58  Stalker x3  
  94  8:05  Zealot  
  100  8:15  Zealot x2, Shield Battery  
  104  8:23  Robotics Bay  
  102  8:29  Gateway, Zealot x2  
  102  8:30  Gateway, Zealot x2  
  108  8:38  Stalker  
  108  8:39  Stalker  
  92  8:50  Dark Templar x2  
  92  8:53  Probe x3  
  99  8:57  Gateway  
  99  8:58  Gateway  
  95  9:06  Stalker x2  
  95  9:07  Stalker x2  
  101  9:10  Assimilator  
  101  9:13  Assimilator  
  100  9:19  Probe x3  
  100  9:22  Pylon  
  103  9:26  Disruptor (Chrono Boost)  
  103  9:27  Pylon  
  103  9:30  Stalker  
  108  9:36  Gateway  
  108  9:38  Photon Cannon  
  108  9:43  Stalker x3  
  114  9:49  Pylon  
  114  9:53  Stalker, Sentry  
  114  9:57  Robotics Facility  
  118  10:00  Disruptor (Chrono Boost)  
  118  10:02  Pylon  
  121  10:10  Stalker x2  
  125  10:15  Pylon  
  125  10:18  Photon Cannon x2  
  125  10:25  Stalker x2  
  129  10:33  Disruptor (Chrono Boost)  
  129  10:35  Zealot  
  134  10:41  Nexus  
  134  10:44  Shield Battery  
  134  10:51  Disruptor (Chrono Boost)  
  137  11:01  Stalker x4  
  145  11:09  Protoss Ground Weapons Level 3 (Chrono Boost)  
  145  11:10  Photon Cannon  
  145  11:12  Disruptor (Chrono Boost)  
  145  11:13  Pylon  
  145  11:16  Disruptor (Chrono Boost)  
  148  11:23  Probe x3  
  154  11:28  Photon Cannon, Shield Battery  
  154  11:37  Probe x3  
  157  11:45  Disruptor (Chrono Boost)  
  157  11:46  Observer (Chrono Boost)  
  158  11:47  Gravitic Boosters  
  153  12:12  Zealot x5  
  153  12:13  Disruptor, Zealot x2  
  170  12:22  Gateway  
  170  12:23  Gateway  
  170  12:28  Pylon  
  170  12:36  Disruptor  
  171  12:56  Stalker x4  
  171  12:57  Stalker x3  
  165  13:02  Probe x3  
  165  13:03  Probe  
  169  13:08  Shadow Stride (Chrono Boost)  
  169  13:14  Disruptor x2  
  158  13:34  Probe x2 (Chrono Boost)  
  158  13:37  Probe x2 (Chrono Boost)  
  162  13:46  Probe x2 (Chrono Boost)  
  166  13:51  Probe x2 (Chrono Boost), Disruptor x2  
  172  13:56  Pylon  
  172  13:58  Pylon  
  172  14:00  Photon Cannon  
  172  14:01  Pylon x2  
  172  14:02  Photon Cannon  
  172  14:03  Photon Cannon  
  172  14:04  Photon Cannon x2, Pylon, Protoss Ground Armor Level 1 (Chrono Boost)  
  172  14:14  Probe  
  173  14:22  Stalker x3  
  173  14:24  Stalker x6  
  191  14:45  Zealot x3  
  177  15:03  Zealot x5  
  177  15:04  Zealot  
  177  15:06  Dark Templar x3  
  174  15:24  Zealot x5  
  174  15:25  Zealot  
  175  15:47  Probe x2  
  175  15:48  Stalker  
  175  15:49  Stalker x7  
  193  16:00  Assimilator  
  193  16:03  Nexus  
  193  16:04  Photon Cannon  
  193  16:05  Gateway  
  193  16:07  Photon Cannon  
  192  16:26  Stalker x2  
  142  17:10  Zealot  
  142  17:11  Zealot x7  
  154  17:30  Gateway, Disruptor  
  154  17:31  Gateway  
  154  17:32  Stalker x8  
  154  17:34  Pylon  
  169  17:53  Gateway  
  169  17:57  Assimilator  
  169  18:03  Stargate  
  169  18:10  Stalker x8  
  166  18:34  Disruptor  
  97  18:58  Stalker x3  
  97  18:59  Stalker x5  
  97  19:00  Stalker x2  
  106  19:09  Disruptor (Chrono Boost)  
  104  19:16  Robotics Facility  
  107  19:23  Stalker x10  
  127  19:31  Oracle  
  127  19:34  Nexus  
  127  19:35  Pylon  
  130  19:40  Observer (Chrono Boost)  
  128  19:49  Zealot x5  
  128  19:50  Zealot x3  
  141  19:57  Observer  
  119  20:06  Stalker x2  
  117  20:09  Stalker x2  
  117  20:10  Stalker x4  
  109  20:34  Observer  
  104  20:42  Stalker x3  
  104  20:43  Stalker x4  
  106  21:14  Stalker x3  
  103  21:44  Observer  
  49  21:57  Stalker x5  
  52  22:03  Stalker  
Show
View Real Time Build Order
Export as new Build Order

Nina Protoss - Winner!

Build Orders: Phoenix Opening, Carriers 

Get SALT Encoding   

  12  0:00  Probe  
  13  0:12  Probe  
  14  0:18  Pylon  
  14  0:24  Probe (Chrono Boost)  
  15  0:36  Probe (Chrono Boost)  
  15  0:38  Gateway  
  16  0:45  Probe (Chrono Boost)  
  16  0:47  Assimilator  
  17  0:51  Probe  
  17  0:55  Assimilator  
  18  1:03  Probe (Chrono Boost)  
  19  1:10  Gateway  
  19  1:13  Probe (Chrono Boost)  
  20  1:18  Probe  
  21  1:26  Cybernetics Core  
  21  1:31  Probe  
  22  1:37  Pylon  
  22  1:43  Probe  
  23  1:55  Probe  
  24  2:03  Stalker x2  
  24  2:04  Warp Gate  
  28  2:09  Probe  
  29  2:16  Pylon  
  29  2:21  Probe  
  30  2:33  Probe  
  30  2:35  Sentry  
  30  2:36  Sentry  
  35  2:52  Nexus  
  35  2:59  Probe  
  35  3:01  Pylon  
  35  3:08  Shield Battery  
  35  3:10  Phoenix  
  35  3:11  Probe  
  36  3:15  Sentry  
  38  3:20  Stalker  
  38  3:24  Probe  
  41  3:35  Twilight Council  
  41  3:39  Probe  
  42  3:50  Forge  
  42  3:51  Probe (Chrono Boost)  
  43  3:58  Stalker  
  46  4:03  Probe (Chrono Boost)  
  46  4:07  Probe (Chrono Boost)  
  46  4:08  Probe (Chrono Boost)  
  48  4:10  Stalker  
  50  4:21  Probe, Stalker  
  50  4:23  Probe  
  52  4:32  Blink (Chrono Boost)  
  52  4:33  Stalker  
  52  4:34  Probe  
  52  4:36  Probe  
  56  4:42  Shield Battery  
  56  4:46  Probe  
  56  4:47  Protoss Ground Weapons Level 1  
  56  4:48  Probe  
  58  4:56  Shield Battery  
  58  4:58  Probe  
  59  5:00  Probe  
  59  5:05  Robotics Facility  
  60  5:09  Photon Cannon  
  60  5:10  Probe  
  60  5:12  Assimilator  
  61  5:14  Pylon  
  61  5:19  Pylon  
  61  5:24  Probe  
  61  5:26  Shield Battery  
  61  5:27  Pylon  
  62  5:32  Probe, Stalker  
  62  5:33  Assimilator, Stalker  
  67  5:36  Phoenix  
  67  5:43  Probe  
  68  5:50  Probe  
  68  5:54  Observer (Chrono Boost)  
  68  5:55  Probe  
  68  6:01  Stalker  
  68  6:02  Probe  
  71  6:06  Stalker  
  71  6:07  Probe  
  74  6:20  Phoenix  
  74  6:29  Nexus  
  74  6:32  Stalker x2  
  78  6:40  Gateway  
  78  6:42  Charge, Gateway  
  78  6:43  Probe  
  78  6:44  Gateway  
  78  6:45  Phoenix, Pylon  
  79  6:47  Gateway  
  79  6:48  Probe  
  79  6:49  Immortal (Chrono Boost)  
  79  6:51  Gateway  
  84  6:58  Probe  
  85  7:01  Templar Archives  
  85  7:04  Protoss Ground Weapons Level 2 (Chrono Boost)  
  85  7:06  Photon Cannon  
  85  7:14  Photon Cannon  
  85  7:17  Gateway  
  85  7:22  Warp Prism (Chrono Boost)  
  87  7:31  Pylon  
  87  7:32  Zealot  
  87  7:36  Zealot  
  91  7:37  Zealot  
  91  7:43  Pylon  
  93  7:47  Probe  
  94  7:53  Zealot x3  
  94  7:54  Zealot  
  94  7:58  Observer (Chrono Boost)  
  103  8:02  Zealot x2  
  107  8:18  High Templar x2  
  107  8:19  High Templar x2  
  115  8:20  Zealot  
  115  8:23  Pylon  
  115  8:24  Archon x2, Pylon x2  
  113  8:39  Zealot x3  
  105  8:42  Zealot  
  105  8:47  Probe  
  105  8:48  Probe  
  104  8:55  Robotics Bay  
  102  8:56  Probe  
  102  9:00  Probe x2  
  99  9:08  Probe  
  96  9:12  Probe x2  
  96  9:14  Stalker x5  
  106  9:17  Assimilator  
  106  9:20  Probe  
  106  9:22  Robotics Facility  
  106  9:24  Probe x2, Observer (Chrono Boost)  
  108  9:27  Observer  
  108  9:29  Assimilator  
  108  9:31  Photon Cannon  
  110  9:32  Probe  
  110  9:36  Probe x2, Pylon  
  113  9:41  Stalker  
  113  9:42  Stalker x2  
  113  9:44  Probe, Disruptor  
  123  9:47  Protoss Ground Weapons Level 3 (Chrono Boost)  
  123  9:48  Observer, Probe  
  124  9:55  Nexus  
  124  9:57  Pylon  
  124  10:00  Pylon  
  124  10:15  Photon Cannon  
  124  10:16  Disruptor  
  124  10:19  Disruptor  
  124  10:20  Probe  
  124  10:21  Photon Cannon  
  131  10:32  Photon Cannon  
  131  10:33  Pylon  
  131  10:34  Dark Shrine  
  131  10:40  Photon Cannon  
  131  10:47  Gravitic Drive  
  131  10:51  Disruptor (Chrono Boost)  
  131  10:55  Disruptor (Chrono Boost)  
  137  10:57  Probe  
  137  10:59  Photon Cannon  
  138  11:05  Observer  
  138  11:10  Probe x3, Shield Battery  
  140  11:12  Stalker x4  
  140  11:15  Probe  
  149  11:19  Stalker x2  
  149  11:24  Disruptor (Chrono Boost)  
  153  11:28  Disruptor (Chrono Boost)  
  153  11:30  Nexus  
  159  11:36  Pylon  
  159  11:37  Assimilator  
  159  11:38  Assimilator  
  159  11:46  Shadow Stride (Chrono Boost)  
  159  11:53  Disruptor  
  156  12:01  Disruptor  
  159  12:09  Observer  
  159  12:16  Probe x3  
  159  12:21  Shield Battery  
  162  12:24  Photon Cannon  
  162  12:25  Photon Cannon, Dark Templar x5  
  162  12:26  Photon Cannon  
  162  12:28  Disruptor  
  175  12:37  Warp Prism  
  175  12:39  Dark Templar x3  
  177  13:03  Protoss Shields Level 1  
  177  13:04  Disruptor  
  180  13:06  Stargate  
  180  13:13  Observer  
  175  13:34  Warp Prism  
  175  13:40  Warp Prism  
  167  13:43  Stargate  
  167  13:44  Probe x2  
  167  13:45  Stargate  
  167  13:47  Probe  
  169  13:49  Assimilator x2  
  169  13:51  Pylon  
  169  13:52  Probe x2  
  169  13:53  Pylon  
  169  13:55  Pylon  
  171  13:57  Protoss Air Weapons Level 1  
  171  14:00  Robotics Facility  
  171  14:02  Pylon  
  169  14:10  Observer  
  166  14:33  Disruptor  
  169  14:40  Fleet Beacon  
  169  14:42  Dark Templar x6  
  169  14:43  Dark Templar x2  
  177  15:22  Disruptor x2  
  183  15:28  Stargate  
  183  15:29  Carrier (Chrono Boost)  
  181  15:41  Carrier (Chrono Boost)  
  185  15:56  Carrier (Chrono Boost)  
  185  16:03  Nexus  
  185  16:05  Pylon  
  185  16:06  Pylon  
  185  16:12  Nexus  
  185  16:17  Protoss Air Weapons Level 2 (Chrono Boost)  
  185  16:18  Carrier (Chrono Boost)  
  192  16:25  Zealot x3  
  192  16:26  Zealot  
  192  16:30  Carrier (Chrono Boost)  
  187  16:51  Zealot x5  
  187  16:52  Zealot  
  199  16:56  Shield Battery  
  199  16:58  Photon Cannon x2  
  199  17:00  Photon Cannon  
  199  17:02  Photon Cannon  
  199  17:04  Photon Cannon  
  199  17:06  Photon Cannon, Carrier (Chrono Boost)  
  199  17:08  Photon Cannon  
  177  17:14  Observer  
  177  17:15  Nexus  
  168  17:18  Warp Prism  
  168  17:22  Carrier (Chrono Boost)  
  154  17:24  Pylon  
  154  17:25  Probe, Pylon  
  154  17:29  Probe  
  160  17:30  Assimilator  
  160  17:34  Carrier x2 (Chrono Boost), Assimilator  
  165  17:40  Zealot  
  165  17:41  Zealot x7  
  180  17:44  Protoss Shields Level 2  
  180  17:46  Probe  
  180  17:47  Probe  
  180  17:50  Pylon  
  182  18:01  Carrier (Chrono Boost)  
  187  18:10  Zealot x3  
  187  18:11  Zealot x4  
  198  18:19  Carrier  
  178  18:35  Carrier x2 (Chrono Boost)  
  148  18:56  Zealot x3  
  148  18:57  Zealot x4  
  150  19:05  Dark Templar  
  158  19:11  Carrier (Chrono Boost)  
  158  19:12  Probe x3  
  159  19:19  Pylon  
  159  19:20  Carrier (Chrono Boost)  
  165  19:26  Nexus  
  163  19:36  Pylon  
  163  19:38  Carrier x2 (Chrono Boost)  
  175  19:39  Pylon  
  175  19:41  Disruptor  
  170  19:46  Dark Templar x2  
  170  19:55  Dark Templar  
  170  19:56  Dark Templar x2  
  146  20:08  Carrier (Chrono Boost)  
  152  20:17  Carrier (Chrono Boost)  
  158  20:29  Dark Templar  
  148  20:36  Carrier (Chrono Boost)  
  148  20:37  Carrier (Chrono Boost)  
  154  20:45  Probe x2  
  154  20:46  Probe  
  157  20:59  Zealot x4  
  157  21:00  Zealot  
  167  21:09  Carrier (Chrono Boost)  
  167  21:11  Zealot x3  
  164  21:13  Nexus  
  170  21:22  Pylon  
  170  21:23  Probe x3  
  170  21:25  Probe  
  174  21:31  Zealot x4  
  152  21:48  Zealot x4  
  142  22:02  Dark Templar x4  
Tags
 
Add a new tag
Caveats
  • Supply blocks, unpowered buildings, or Contaminate may cause inaccurate times.
  • Supply counts are checked every 10 seconds.